SNL (28 & UNDER)
WEST PALM REDS @ WICHITA WRANGLERS
04/25/2023
 
TOP OF THE 1ST
West Palm Reds batting - Pitching for Wichita Wranglers : LHP Moo-hyun Hwang
Pitching: LHP Moo-hyun Hwang
Batting: LHB Jeff McKinney 0-0: Ground out 6-3 (Groundball, 6)
Batting: LHB Jeff Doss 0-0: Ball
1-0: Ball
2-0: Ball
3-0: Called Strike
3-1: Base on Balls
Batting: SHB Todd Smith 0-0: Ball
1-0: Called Strike
1-1: Ball
2-1: Ball
3-1: Base on Balls
Jeff Doss to second
Batting: RHB Lorenzo Guzmán 0-0: Ball
1-0: SINGLE (Groundball, 6M)
Jeff Doss to third
Todd Smith to second
Runner from 3rd tries for Home, SAFE, throw made home
Todd Smith to third
Lorenzo Guzmán to second
Batting: LHB Enrique Cortéz 0-0: Ball
1-0: Ball
2-0: Ball
3-0: Base on Balls
Batting: RHB Jack Ray 0-0: Called Strike
0-1: Foul Ball, location: 2F
0-2: Ball
1-2: Ball
2-2: Ball
3-2: SINGLE (Flyball, 9LS)
Todd Smith scores
Lorenzo Guzmán to third
Enrique Cortéz to second
Batting: LHB Millard Dye 0-0: Foul Ball, location: 2F
0-1: Ball
1-1: SINGLE (Groundball, 56)
Lorenzo Guzmán scores
Enrique Cortéz to third
Jack Ray to second
Runner from 3rd tries for Home, SAFE, throw made home
Batting: LHB Bob Martin 0-0: Ball
1-0: SINGLE (Flyball, 78S)
Jack Ray to third
Millard Dye to second
Runner from 3rd tries for Home, SAFE, throw made home
Millard Dye to third
Bob Martin to second
Batting: RHB Alejandro Martínez 0-0: Ball
1-0: Ground out 5-3 (Groundball, 15S)
Millard Dye scores
Bob Martin to third
Batting: LHB Jeff McKinney 0-0: Ball
1-0: Ball
2-0: Foul Ball, location: 2F
2-1: SINGLE (Groundball, 34D)
Bob Martin scores
Batting: LHB Jeff Doss 0-0: Ball
1-0: Fly out, F7 (Line Drive, 7S)
Top of the 1st over - 7 run(s), 5 hit(s), 0 error(s), 1 left on base; West Palm 7 - Wichita 0
BOTTOM OF THE 1ST
Wichita Wranglers batting - Pitching for West Palm Reds : RHP Manabu Mizuno
Pitching: RHP Manabu Mizuno
Batting: RHB Cho-yun Qiao 0-0: SOLO HOME RUN (Flyball, 8LXD), Distance : 423 ft
Batting: RHB Anthony Rucker 0-0: Foul Ball, location: 2F
0-1: SINGLE (Line Drive, 78S)
Batting: LHB Tom Robinson 0-0: Called Strike
0-1: SINGLE (Groundball, 25) (infield hit)
Anthony Rucker to second
Batting: RHB Bob Hall 0-0: Foul Ball, location: 2F
0-1: Ball
1-1: TRIPLE (Flyball, 8LXD)
Anthony Rucker scores
Tom Robinson scores
Batting: RHB George Clark 0-0: Ball
Reached via error on a dropped throw, E3
Bob Hall scores
Batting: RHB Luis Sánchez 0-0: TRIPLE (Flyball, 89XD)
George Clark scores
Batting: LHB Jesús Tobías 0-0: Swinging Strike
0-1: TRIPLE (Flyball, 89M)
Luis Sánchez scores
Batting: LHB Mario Cornelo 0-0: Foul Ball, location: 2F
0-1: Ball
1-1: Foul Ball, location: 2F
1-2: Strikes out swinging
Batting: RHB Jim Beck 0-0: 2-RUN HOME RUN (Flyball, 7D), Distance : 377 ft
Batting: RHB Cho-yun Qiao 0-0: Ball
1-0: Called Strike
1-1: SINGLE (Groundball, 34D) (infield hit)
Batting: RHB Anthony Rucker 0-0: Ball
1-0: Ball
2-0: Foul Ball, location: 2F
2-1: Foul Ball, location: 2F
2-2: Foul Ball, location: 2F
2-2: SINGLE (Line Drive, 56D)
Cho-yun Qiao to second
Batting: LHB Tom Robinson 0-0: Foul Ball, location: 2F
0-1: Ball
1-1: Ball
2-1: Fly out, F7 (Flyball, 7LMF)
Batting: RHB Bob Hall 0-0: Ball
1-0: Called Strike
1-1: Swinging Strike
1-2: Ball
2-2: Foul Ball, location: 2F
2-2: Foul Ball, location: 2F
2-2: Strikes out looking
Bottom of the 1st over - 8 run(s), 9 hit(s), 1 error(s), 2 left on base; West Palm 7 - Wichita 8
TOP OF THE 2ND
West Palm Reds batting - Pitching for Wichita Wranglers : LHP Moo-hyun Hwang
Batting: SHB Todd Smith 0-0: Ball
1-0: Ball
2-0: Ball
3-0: Base on Balls
Batting: RHB Lorenzo Guzmán 0-0: Called Strike
0-1: Called Strike
0-2: 2-RUN HOME RUN (Flyball, 89D), Distance : 377 ft
Pitching: RHP Doug Adams
Batting: LHB Enrique Cortéz 0-0: Called Strike
0-1: Fly out, F7 (Line Drive, 7LS)
Batting: RHB Jack Ray 0-0: Reached on error, E4 (Groundball, 4)
Batting: LHB Millard Dye 0-0: Foul Ball, location: 2F
0-1: Ball
1-1: Ball
2-1: Fielders Choice at 2nd, 3-6 (Groundball, 3)
Batting: LHB Bob Martin 0-0: Swinging Strike
0-1: Foul Ball, location: 2F
0-2: Ball
1-2: Strikes out swinging
Top of the 2nd over - 2 run(s), 1 hit(s), 1 error(s), 1 left on base; West Palm 9 - Wichita 8
BOTTOM OF THE 2ND
Wichita Wranglers batting - Pitching for West Palm Reds : RHP Manabu Mizuno
Batting: RHB George Clark 0-0: Foul Ball, location: 2F
0-1: Ball
1-1: Ball
2-1: Fly out, F9 (Flyball, 9D)
Batting: RHB Luis Sánchez 0-0: Foul Ball, location: 2F
0-1: Fly out, F7 (Flyball, 78M)
Batting: LHB Jesús Tobías 0-0: Ball
1-0: Called Strike
1-1: Foul Ball, location: 2F
1-2: Ball
2-2: SINGLE (Groundball, 34D)
Batting: LHB Mario Cornelo 0-0: Ball
Jesús Tobías is caught stealing 2nd base
Bottom of the 2nd over - 0 run(s), 1 hit(s), 0 error(s), 0 left on base; West Palm 9 - Wichita 8
TOP OF THE 3RD
West Palm Reds batting - Pitching for Wichita Wranglers : RHP Doug Adams
Batting: RHB Alejandro Martínez 0-0: Called Strike
0-1: Foul Ball, location: 2F
0-2: Strikes out swinging
Batting: LHB Jeff McKinney 0-0: Ball
1-0: Called Strike
1-1: Foul Ball, location: 2F
1-2: Ball
2-2: SINGLE (Groundball, 4MD)
Batting: LHB Jeff Doss 0-0: Ball
Jeff McKinney steals 2nd base
1-0: Ball
2-0: Fly out, F8 (Line Drive, 8RS)
Batting: SHB Todd Smith 0-0: Ball
1-0: SINGLE (Line Drive, 56D)
Jeff McKinney to third
Runner from 3rd tries for Home, SAFE, no throw or cutoff
Batting: RHB Lorenzo Guzmán 0-0: Swinging Strike
0-1: Ball
1-1: Foul Ball, location: 2F
1-2: Strikes out looking
Top of the 3rd over - 1 run(s), 2 hit(s), 0 error(s), 1 left on base; West Palm 10 - Wichita 8
BOTTOM OF THE 3RD
Wichita Wranglers batting - Pitching for West Palm Reds : RHP Manabu Mizuno
Batting: LHB Mario Cornelo 0-0: Foul Ball, location: 2F
0-1: Ball
1-1: Called Strike
1-2: Ball
2-2: Ball
3-2: Strikes out swinging
Batting: RHB Jim Beck 0-0: Ball
1-0: Ball
2-0: Called Strike
2-1: Called Strike
2-2: Strikes out looking
Batting: RHB Cho-yun Qiao 0-0: Swinging Strike
0-1: Fly out, F3 (Popup, 3SF)
Bottom of the 3rd over - 0 run(s), 0 hit(s), 0 error(s), 0 left on base; West Palm 10 - Wichita 8
TOP OF THE 4TH
West Palm Reds batting - Pitching for Wichita Wranglers : RHP Doug Adams
Batting: LHB Enrique Cortéz 0-0: Fly out, F5 (Popup, 15)
Batting: RHB Jack Ray 0-0: Ball
1-0: Ball
2-0: Ball
3-0: Base on Balls
Batting: LHB Millard Dye 0-0: Ball
1-0: Ball
2-0: Fly out, F5 (Popup, 5F)
Batting: LHB Bob Martin 0-0: Ball
1-0: Called Strike
1-1: Swinging Strike
1-2: Foul Ball, location: 2F
1-2: Strikes out swinging
Top of the 4th over - 0 run(s), 0 hit(s), 0 error(s), 1 left on base; West Palm 10 - Wichita 8
BOTTOM OF THE 4TH
Wichita Wranglers batting - Pitching for West Palm Reds : RHP Manabu Mizuno
Pitching: LHP Francisco Nieto
Batting: RHB Anthony Rucker 0-0: Ball
1-0: Ball
2-0: Swinging Strike
2-1: Foul Ball, location: 2F
2-2: Ball
3-2: Foul Ball, location: 2F
3-2: Base on Balls
Batting: LHB Tom Robinson 0-0: Ball
1-0: Fly out, F8 (Flyball, 8LD)
Batting: RHB Bob Hall 0-0: Ball
1-0: DOUBLE (Flyball, 8RXD)
Anthony Rucker to third
Runner from 3rd tries for Home, SAFE, no throw or cutoff
Batting: RHB George Clark 0-0: Ball
1-0: Ball
2-0: Fly out, F8 (Flyball, 89M)
Batting: RHB Luis Sánchez 0-0: Called Strike
0-1: Fly out, F4 (Popup, 4D)
Bottom of the 4th over - 1 run(s), 1 hit(s), 0 error(s), 1 left on base; West Palm 10 - Wichita 9
TOP OF THE 5TH
West Palm Reds batting - Pitching for Wichita Wranglers : RHP Doug Adams
Batting: RHB Alejandro Martínez 0-0: Swinging Strike
0-1: Foul Ball, location: 2F
0-2: Ball
1-2: Ball
2-2: Foul Ball, location: 2F
2-2: Foul Ball, location: 2F
2-2: Strikes out looking
Batting: LHB Jeff McKinney 0-0: SOLO HOME RUN (Flyball, 9D), Distance : 381 ft
Batting: LHB Jeff Doss 0-0: Ball
1-0: SINGLE (Line Drive, 89M)
Pitching: RHP Pat Ellis
Batting: SHB Todd Smith 0-0: Swinging Strike
0-1: Ball
1-1: Fly out, F8 (Flyball, 8LD)
Batting: RHB Lorenzo Guzmán 0-0: Called Strike
0-1: Ball
1-1: Ball
2-1: Called Strike
2-2: Strikes out swinging
Top of the 5th over - 1 run(s), 2 hit(s), 0 error(s), 1 left on base; West Palm 11 - Wichita 9
BOTTOM OF THE 5TH
Wichita Wranglers batting - Pitching for West Palm Reds : LHP Francisco Nieto
Batting: LHB Jesús Tobías 0-0: Swinging Strike
0-1: Ball
1-1: Ground out 1-3 (Groundball, 15S)
Batting: LHB Mario Cornelo 0-0: Swinging Strike
0-1: Ball
1-1: Called Strike
1-2: Foul Ball, location: 2F
1-2: Foul Ball, location: 2F
1-2: Ball
2-2: Strikes out looking
Batting: RHB Jim Beck 0-0: Foul Ball, location: 2F
0-1: Foul Ball, location: 2F
0-2: Ball
1-2: Ball
2-2: Strikes out swinging
Bottom of the 5th over - 0 run(s), 0 hit(s), 0 error(s), 0 left on base; West Palm 11 - Wichita 9
TOP OF THE 6TH
West Palm Reds batting - Pitching for Wichita Wranglers : RHP Pat Ellis
Batting: LHB Enrique Cortéz 0-0: Ground out 3-1 (Groundball, 34S)
Batting: RHB Jack Ray 0-0: Swinging Strike
0-1: Foul Ball, location: 2F
0-2: Ball
1-2: SINGLE (Flyball, 8RS)
Batting: LHB Millard Dye 0-0: Ball
1-0: Called Strike
1-1: Grounds out, U3 (Groundball, 3L)
Batting: LHB Bob Martin 0-0: Ball
1-0: 2-RUN HOME RUN (Flyball, 9D), Distance : 370 ft
Batting: RHB Alejandro Martínez 0-0: Called Strike
0-1: Ball
1-1: Ball
2-1: Called Strike
2-2: Foul Ball, location: 2F
2-2: Fly out, F3 (Popup, 3SF)
Top of the 6th over - 2 run(s), 2 hit(s), 0 error(s), 0 left on base; West Palm 13 - Wichita 9
BOTTOM OF THE 6TH
Wichita Wranglers batting - Pitching for West Palm Reds : LHP Francisco Nieto
Batting: RHB Cho-yun Qiao 0-0: Swinging Strike
0-1: Foul Ball, location: 2F
0-2: Ball
1-2: Strikes out swinging
Batting: RHB Anthony Rucker 0-0: Ball
1-0: Ball
2-0: Ball
3-0: Base on Balls
Batting: LHB Tom Robinson 0-0: Called Strike
0-1: Ball
1-1: Called Strike
1-2: Fly out, F8 (Flyball, 8LD)
Runner from 1st tags up, SAFE at 2nd
Batting: RHB Bob Hall 0-0: Ball
1-0: Ball
2-0: Called Strike
2-1: DOUBLE (Line Drive, 9LM)
Anthony Rucker scores
Pitching: RHP Dave Woods
Batting: RHB George Clark 0-0: Swinging Strike
0-1: Ball
1-1: Foul Ball, location: 2F
1-2: Foul Ball, location: 2F
1-2: Ball
2-2: Foul Ball, location: 2F
2-2: Foul Ball, location: 2F
2-2: SINGLE (Groundball, 6MD)
Bob Hall to third
Runner from 3rd tries for Home, SAFE, no throw or cutoff
Batting: RHB Luis Sánchez 0-0: Ball
1-0: Called Strike
1-1: Fielders Choice at 2nd, 5-4 (Groundball, 5)
Bottom of the 6th over - 2 run(s), 2 hit(s), 0 error(s), 0 left on base; West Palm 13 - Wichita 11
TOP OF THE 7TH
West Palm Reds batting - Pitching for Wichita Wranglers : RHP Pat Ellis
Batting: LHB Jeff McKinney 0-0: Foul Ball, location: 2F
0-1: Swinging Strike
0-2: Ball
1-2: Ball
2-2: Ball
3-2: Foul Ball, location: 2F
3-2: Base on Balls
Batting: LHB Jeff Doss 0-0: Sac Bunt - play at first, batter OUT! 2-4
Jeff McKinney to second
Pitching: LHP Carlos Aguilar
Batting: SHB Todd Smith 0-0: Foul Ball, location: 2F
0-1: Ball
1-1: SINGLE (Groundball, 56D)
Jeff McKinney to third
Runner from 3rd tries for Home, SAFE, no throw or cutoff
Batting: RHB Lorenzo Guzmán 0-0: Ball
1-0: Swinging Strike
1-1: Ball
2-1: Ball
3-1: Base on Balls
Todd Smith to second
Batting: LHB Enrique Cortéz 0-0: Called Strike
0-1: Ball
Todd Smith steals 3rd base
Lorenzo Guzmán to second
1-1: Fly out, F5 (Popup, 5SF)
Batting: RHB Jack Ray 0-0: Called Strike
0-1: 3-RUN HOME RUN (Flyball, 9D), Distance : 368 ft
Pitching: LHP Juan Suárez
Batting: LHB Millard Dye 0-0: Ball
1-0: Ball
2-0: Foul Ball, location: 2F
2-1: Foul Ball, location: 2F
2-2: Ball
3-2: DOUBLE (Line Drive, 3L)
Batting: LHB Bob Martin 0-0: Swinging Strike
0-1: Ground out 5-3 (Groundball, 56S)
Top of the 7th over - 4 run(s), 3 hit(s), 0 error(s), 1 left on base; West Palm 17 - Wichita 11
BOTTOM OF THE 7TH
Wichita Wranglers batting - Pitching for West Palm Reds : RHP Dave Woods
Batting: LHB Jesús Tobías 0-0: Ball
1-0: Foul Ball, location: 2F
1-1: Swinging Strike
1-2: SINGLE (Line Drive, 34D)
Batting: LHB Mario Cornelo 0-0: Swinging Strike
0-1: Swinging Strike
0-2: Foul Ball, location: 2F
0-2: Ball
1-2: Ball
2-2: Foul Ball, location: 2F
2-2: Strikes out looking
Batting: RHB Jim Beck 0-0: Fly out, F7 (Line Drive, 7M)
Batting: RHB Cho-yun Qiao 0-0: Ball
1-0: Ball
Jesús Tobías steals 2nd base
2-0: Ground out 6-3 (Groundball, 6)
Bottom of the 7th over - 0 run(s), 1 hit(s), 0 error(s), 1 left on base; West Palm 17 - Wichita 11
TOP OF THE 8TH
West Palm Reds batting - Pitching for Wichita Wranglers : LHP Juan Suárez
Batting: RHB Alejandro Martínez 0-0: Called Strike
0-1: Ball
1-1: Foul Ball, location: 2F
1-2: Strikes out swinging
Batting: LHB Jeff McKinney 0-0: Called Strike
0-1: Swinging Strike
0-2: Ball
1-2: Strikes out swinging
Batting: LHB Jeff Doss 0-0: Swinging Strike
0-1: Ball
1-1: Ball
2-1: Foul Ball, location: 2F
2-2: Ball
3-2: DOUBLE (Line Drive, 5D)
Batting: SHB Todd Smith 0-0: Ball
1-0: Ball
2-0: Swinging Strike
2-1: DOUBLE (Flyball, 78XD)
Jeff Doss scores
Batting: RHB Lorenzo Guzmán 0-0: Ball
1-0: Ball
2-0: 2-RUN HOME RUN (Flyball, 78XD), Distance : 379 ft
Pitching: RHP Ángel Guzmán
Batting: LHB Enrique Cortéz 0-0: Ball
1-0: Ground out 6-3 (Groundball, 6M)
Top of the 8th over - 3 run(s), 3 hit(s), 0 error(s), 0 left on base; West Palm 20 - Wichita 11
BOTTOM OF THE 8TH
Wichita Wranglers batting - Pitching for West Palm Reds : RHP Dave Woods
Now in CF: Jermaine Carter
Batting: RHB Anthony Rucker 0-0: Ball
1-0: Called Strike
1-1: Ground out 5-3 (Groundball, 15S)
Batting: LHB Tom Robinson 0-0: SOLO HOME RUN (Flyball, 9D), Distance : 369 ft
Batting: RHB Bob Hall 0-0: Ball
1-0: Ground out 6-3 (Groundball, 6)
Batting: RHB George Clark 0-0: Called Strike
0-1: Foul Ball, location: 2F
0-2: Ball
1-2: Ball
2-2: Ball
3-2: Base on Balls
Batting: RHB Luis Sánchez 0-0: Fielders Choice at 2nd, U6 (Groundball, 6M)
Bottom of the 8th over - 1 run(s), 1 hit(s), 0 error(s), 1 left on base; West Palm 20 - Wichita 12
TOP OF THE 9TH
West Palm Reds batting - Pitching for Wichita Wranglers : RHP Ángel Guzmán
Batting: RHB Jack Ray 0-0: Called Strike
0-1: SOLO HOME RUN (Flyball, 78XD), Distance : 383 ft
Batting: LHB Millard Dye 0-0: Ball
1-0: Swinging Strike
1-1: Called Strike
1-2: Ground out 5-3 (Groundball, 15S)
Batting: LHB Bob Martin 0-0: Ball
1-0: Foul Ball, location: 2F
1-1: Ball
2-1: Ball
3-1: Called Strike
3-2: SINGLE (Line Drive, 34)
Pinch Hitting: RHB Juan López 0-0: Ball
Bob Martin steals 2nd base
1-0: Ball
2-0: Ground out 5-3 (Groundball, 56S)
Bob Martin to third
Batting: LHB Jeff McKinney 0-0: Ball
1-0: Ground out 4-3 (Groundball, 4)
Top of the 9th over - 1 run(s), 2 hit(s), 0 error(s), 1 left on base; West Palm 21 - Wichita 12
BOTTOM OF THE 9TH
Wichita Wranglers batting - Pitching for West Palm Reds : RHP Dave Woods
Now at C: Alex Hayes
Now at 1B: Félix García
Batting: LHB Jesús Tobías 0-0: Ball
1-0: Foul Ball, location: 2F
1-1: Called Strike
1-2: Foul Ball, location: 2F
1-2: Foul Ball, location: 2F
1-2: Foul Ball, location: 2F
1-2: Ball
2-2: Ground out 1-3 (Groundball, 13S)
Batting: LHB Mario Cornelo 0-0: Called Strike
0-1: Ball
1-1: Ball
2-1: Ball
3-1: Base on Balls
Pitching: RHP Carlos Gonzáles
Batting: RHB Jim Beck 0-0: Ball
1-0: Grounds into double play, 4-6-3 (Groundball, 4)
Bottom of the 9th over - 0 run(s), 0 hit(s), 0 error(s), 0 left on base; West Palm 21 - Wichita 12
This league is powered by Out of the Park Baseball, the baseball management simulation game for PC, Mac and Linux
Wednesday, December 2nd, 2015 - OOTP Baseball 16.8 Build 38